 Dungeon Crawl Stone Soup version 0.18.1-1-g2f07953 (webtiles) character file.

51 Eucla the Grave Robber (level 3, -1/19 HPs)
             Began as a Deep Elf Necromancer on May 8, 2016.
             Slain by Sigmund
             ... wielding a +0 scythe
              (13 damage)
             ... on level 3 of the Dungeon.
             The game lasted 00:02:05 (1961 turns).

Eucla the Grave Robber (Deep Elf Necromancer)       Turns: 1961, Time: 00:02:05

Health: -1/19      AC:  2    Str:  5    XL:     3   Next: 57%
Magic:  5/10       EV: 13    Int: 20    God:
Gold:   76         SH:  0    Dex: 15    Spells: 3 memorised, 5 levels left

rFire  . . .     SeeInvis .     f - +0 dagger
rCold  . . .     Gourm    .     a - +0 robe
rNeg   . . .     Faith    .     (no shield)
rPois  .         Spirit   .     (no helmet)
rElec  .         Dismiss  .     (no cloak)
rCorr  .         Reflect  .     (no gloves)
SustAt .         Harm     .     (no boots)
MR     .....                    (no amulet)
Stlth  ++........               (no ring)
                                (no ring)

@: not resistant to hostile enchantments, unstealthy
A: no striking features
a: no special abilities


You were on level 3 of the Dungeon.
You were not hungry.

You visited 1 branch of the dungeon, and saw 3 of its levels.

You collected 76 gold pieces.

Inventory:

Hand Weapons
 f - a +0 dagger (weapon)
Armour
 a - a +0 robe (worn)
Jewellery
 n - an uncursed ring of stealth {unknown}
Scrolls
 d - 2 scrolls of identify {unknown}
 e - a scroll of blinking {unknown}
 g - a scroll of remove curse {unknown}
 k - 2 scrolls of recharging {unknown}
Potions
 h - a potion of curing {unknown}
 i - a potion of lignification {unknown}
 j - 2 potions of degeneration {unknown}
 m - a potion of mutation {unknown}
Books
 b - a book of Necromancy

   Spells                             Type                      Level
   a - Pain                           Necromancy                   1
   b - Animate Skeleton               Necromancy                   1
   c - Vampiric Draining              Necromancy                   3
   d - Regeneration                   Charms/Necromancy            3
   e - Animate Dead                   Necromancy                   4
   f - Control Undead                 Necromancy                   4
Comestibles
 c - 3 bread rations


   Skills:
 - Level 2.4 Dodging
 - Level 2.4 Stealth
 + Level 4.0 Spellcasting
 * Level 5.9 Necromancy


You had 5 spell levels left.
You knew the following spells:

 Your Spells              Type           Power        Failure   Level  Hunger
a - Pain                  Necr           ####         1%          1    None
b - Animate Skeleton      Necr           N/A          1%          1    None
c - Vampiric Draining     Necr           ####......   4%          3    ###....


Dungeon Overview and Level Annotations

Branches:
Dungeon (3/15)

Altars:

Annotations:
D:3 Sigmund


Message History

Sigmund convulses in agony!
Casting: Pain
Confirm with . or Enter, or press ? or * to list all spells.
Aiming: Pain
Press: ? - help, Shift-Dir - straight line, f/p - Sigmund
Aim: Sigmund, wielding a scythe and wearing a robe (lightly wounded, chance to defeat MR: 89%) Sigmund convulses in agony!
Sigmund gestures at you while chanting. The magic dart hits you!
Ouch! That really hurt!
Unknown command.
Casting: Pain
Confirm with . or Enter, or press ? or * to list all spells.
Aiming: Vampiric Draining
Press: ? - help, Shift-Dir - straight line, f/p - Sigmund
Aim: Sigmund, wielding a scythe and wearing a robe (moderately wounded) Sigmund is heavily wounded.
You feel life coursing into your body. Sigmund hits you with a scythe!
Ouch! That really hurt!
You die...

#.# #.# #.# #.#.# #.#
#.#.# #.# #.#.# #.# #
#.#.#########.####
#...........#.#.#.
#...........#....#
#@#...............
#######@#.........##...#
.......<#.####>#........
..........# ##...##...#
.########## ##.####.##
#.# #.# ##.## #.#
#...###.# #>#.....#


You could see Sigmund.

Vanquished Creatures
  4 oozes (D:1)
  A worm (D:2)
  An orc (D:2)
  3 hobgoblins
  4 kobolds
  2 ball pythons
  4 bats
  4 giant newts
  3 goblins
  6 rats
32 creatures vanquished.

Notes
Turn   | Place    | Note
--------------------------------------------------------------
     0 | D:1      | Eucla the Deep Elf Necromancer began the quest for the Orb.
     0 | D:1      | Reached XP level 1. HP: 10/10 MP: 6/6
     3 | D:1      | Reached skill level 5 in Necromancy
    21 | D:1      | Reached XP level 2. HP: 5/15 MP: 0/8
   425 | D:1      | Reached XP level 3. HP: 8/19 MP: 1/10
  1618 | D:3      | Noticed Sigmund
  1691 | D:2      | Learned a level 1 spell: Animate Skeleton
  1695 | D:2      | Learned a level 3 spell: Vampiric Draining
  1961 | D:3      | Slain by Sigmund

Skill      XL: |  1  2  3 |
---------------+----------+-----
Necromancy     | 5 |  5.9
Spellcasting   | 4 |  4.0
Dodging        | |  2.4
Stealth        | |  2.4

Action                   || total
-------------------------++-------
 Cast: Pain              ||    57
       Animate Skeleton  ||     1
       Vampiric Draining ||     1
  Eat: Meat ration       ||     1
       Chunk             ||     1
Armor: Robe              ||     4
Dodge: Dodged            ||     6
